 Dungeon Crawl Stone Soup version 0.27.0-1-g7a089689b8 (webtiles) character file.

Game seed: 7722787967619043636

27806 Leibowitz the Unseen (level 13, -1/124 HPs)
             Began as a Kobold Berserker on Aug 6, 2021.
             Was a High Priest of Trog.
             Killed by the air
             ... invoked by a wind drake
              (18 damage)
             ... on level 1 of the Shoals.
             The game lasted 00:33:43 (14821 turns).

Leibowitz the Unseen (Kobold Berserker)            Turns: 14821, Time: 00:33:44

Health: -1/124     AC: 26    Str: 14    XL:     13   Next: 68%
Magic:  13/13      EV:  3    Int:  9    God:    Trog [*****.]
Gold:   1111       SH:  0    Dex: 19    Spells: 12/12 levels left

rFire    . . .     SeeInvis .   a - +7 rapier (flame)
rCold    . . .     Faith    .   (shield restricted)
rNeg     + + +     Spirit   .   (armour currently unavailable)
rPois    +         Reflect  .   (helmet currently unavailable)
rElec    .         Harm     .   (cloak currently unavailable)
rCorr    .         Rampage  .   (gloves currently unavailable)
Will     +....     NoTele   +   (boots currently unavailable)
Stlth    +++++++...             (no amulet)
HPRegen  0.30/turn              i - ring of willpower
MPRegen  0.13/turn              (no ring)

@: tree-form, spiked
A: stationary, stasis, torment immunity, boosted hp, small, no large weapons,
nightstalker 3
a: Renounce Religion, Berserk, Trog's Hand, Brothers in Arms


You were on level 1 of the Shoals.
You worshipped Trog.
Trog was extremely pleased with you.
You were a tree.
You visited 5 branches of the dungeon, and saw 18 of its levels.
You also visited: Sewer.

You collected 1273 gold pieces.
You spent 162 gold pieces at shops.

Inventory:

Hand Weapons
 a - a +7 rapier of flaming (weapon)
 e - a +3 short sword of protection
 s - a +0 short sword
Armour
 g - a +0 cloak (melded)
 j - a +2 pair of gloves of stealth (melded)
 v - a +2 pair of boots (melded)
 B - a +0 troll leather armour (melded)
 G - the +0 ring mail of the First Snow {Int+4 Dex+4}
   (You bought it in a shop on level 9 of the Dungeon)

   Int:       It affects your intelligence (+4).
   Dex:       It affects your dexterity (+4).
Jewellery
 i - a ring of willpower (left branch)
Wands
 h - a wand of paralysis (14)
 l - a wand of mindburst (16)
 x - a wand of iceblast (31)
 C - a wand of acid (6)
 E - a wand of flame (30)
Scrolls
 d - 4 scrolls of fear
 k - 2 scrolls of blinking
 m - 6 scrolls of teleportation
 o - a scroll of fog
 p - 11 scrolls of identify
 r - a scroll of magic mapping
 t - 3 scrolls of vulnerability
 D - 4 scrolls of enchant weapon
 F - a scroll of immolation
Potions
 b - a potion of magic
 c - 2 potions of mutation
 n - a potion of curing
 q - a potion of flight
 w - a potion of brilliance
 A - a potion of lignification


   Skills:
 + Level 10.6 Fighting
 + Level 15.0 Short Blades
 + Level 0.4 Throwing
 + Level 5.3 Armour
 + Level 11.4 Dodging
 + Level 15.5 Stealth
 + Level 5.0 Evocations


You had 12 spell levels left.
You didn't know any spells.
Your spell library was empty.

Dungeon Overview and Level Annotations

Branches:
Dungeon (12/15)            Temple (1/1) D:5            Lair (2/6) D:9
 Shoals (1/4) Lair:2          Orc (2/2) D:9           Sewer (visited)
  Snake: Lair:2-4    Spider: Lair:2-4       Elf: Orc:2

Altars:
Ashenzari
Cheibriados
Dithmenos
Elyvilon
Fedhas
Gozag
Hepliaklqana
Kikubaaqudgha
Makhleb
Nemelex Xobeh
Okawaru
Qazlal
Ru
Sif Muna
Trog
Uskayaw
Vehumet
Wu Jian
Xom
Yredelemnul
Zin
The Shining One

Shops:
D:9 [   D:11 ?

Annotations:
D:7 3 runed translucent doors, KamiKatze's ghost, novice FoFi; Tutankhamun's ghost, novice SpBr; Us3rname's ghost, novice MiBe; makewrite's ghost, novice MiBe; zynnq's ghost, novice DjFE
Lair:1 exclusion: 2 oklob plants
Lair:2 1 runed translucent door, Zoobame's ghost, journeyman DEWz


Innate Abilities, Weirdness & Mutations

You are a tree.
Your roots penetrate the ground, keeping you stationary.
You cannot be teleported.
You are immune to unholy pain and torment.
Your maximum health is greatly increased.
Your equipment is partially melded.
You are small and have problems with some larger weapons.
You are completely attuned to the shadows.


Message History

Your +2 pair of boots melds into your body.
Your +0 troll leather armour melds into your body.
You feel less stealthy.
Your roots penetrate the ground.
The net rips apart!
The merfolk barely misses you.
The wind drake exhales a fierce blast of wind!
The manticore is blown away by the wind.
Your ogre hits the merfolk with a +0 giant club!!
The merfolk dies!
Trog accepts your kill.
The merfolk hits you but does no damage.
The manticore flicks its tail.
The volley of spikes hits you!
The barbed spikes become lodged in your body.
* * * LOW HITPOINT WARNING * * *
Your Short Blades skill increases to level 15!
You puncture the wind drake! You burn the wind drake.
The wind drake is lightly wounded.
The wind drake barely misses you.
The merfolk hits you but does no damage. x2
The sea snake bites your ogre!
Your ogre hits the merfolk with a +0 giant club!!!
You hear an angry hiss. x2; You hear a shout!
You hit the wind drake. You burn the wind drake.
The wind drake is moderately wounded.
The wind drake flaps its wings at you. The air twists around and strikes you.
You puncture the wind drake! You burn the wind drake.
The wind drake is heavily wounded.
Your ogre hits the merfolk with a +0 giant club!!
The merfolk dies!
Trog accepts your kill. The sea snake bites your ogre!!
Your ogre looks as sick as possible!
The sea snake poisons your ogre!
The merfolk hits you but does no damage.
You hit the wind drake. You burn the wind drake.
The wind drake is heavily wounded.
The wind drake flaps its wings at you. The air twists around and strikes you!!
You die...

≈≈≈≈≈≈..
≈..≈≈..
..S)m## ≈[.
#kO..##
≈..###.♣H...
≈≈.≈.....≈≈≈
≈≈≈≈.$#.≈≈≈≈
≈≈≈≈..$.≈≈≈≈
≈≈..<.≈≈≈≈≈≈
≈≈≈.≈≈≈≈≈≈≈
≈≈≈≈≈≈≈≈≈≈
≈≈≈≈≈≈≈≈≈
≈≈≈≈≈≈≈≈≈


You could see a sea snake (ally target), a wind drake (repels missiles, catching
breath), a merfolk, a manticore and a friendly ogre (summoned, berserk,
extremely poisoned).

Vanquished Creatures
  4 hydras
  Erolcha (D:9)
  2 boulder beetles
  2 two-headed ogres (D:12)
  An orc knight (Orc:1)
  A manticore (Lair:2)
  A cyclops (D:12)
  An ugly thing (D:12)
  A gargoyle (D:11)
  A cane toad (Lair:2)
  A komodo dragon (Lair:1)
  A polar bear (Lair:2)
  4 trolls
  Grinder (D:5)
  A wind drake (Lair:2)
  4 blink frogs (Lair:2)
  A dream sheep (Lair:2)
  A meliai zombie (D:11)
  A shadow (D:10)
  19 yaks
  2 wraiths (D:11)
  2 wyverns
  A golden eye (shapeshifter) (D:10)
  3 basilisks (Lair:2)
  A steam dragon (D:6)
  4 vampire mosquitoes (D:11)
  2 acid dragons
  2 wargs (D:9)
  5 water moccasins
  5 orc warriors
  Purgy (Sewer)
  An ice beast (D:6)
  A sky beast (D:6)
  A black bear (D:7)
  An ogre (D:6)
  6 centaurs
  A phantom (D:6)
  2 kobold brigands
  6 bullfrogs
  A gnoll sergeant (D:6)
  A scorpion (D:6)
  5 killer bees (D:10)
  12 wights
  7 howler monkeys
  3 centaur zombies
  7 orc priests
  2 hounds
  2 jellies
  2 gnoll shamans
  A bullfrog skeleton (D:5)
  3 centaur skeletons
  14 orc wizards
  A hound skeleton (D:5)
  2 howler monkey zombies
  A river rat (D:4)
  5 adders
  20 gnolls
  An adder skeleton (D:4)
  The ghost of flinch the Sneak, a weakling FoDe (D:5)
  3 dart slugs
  59 orcs
  4 ball pythons
  6 bats
  11 endoplasms
  5 giant cockroaches
  7 goblins
  5 hobgoblins
  14 kobolds
  5 quokkas
  A frilled lizard (D:3)
  6 rats
  2 bushes (D:11)
315 creatures vanquished.

Vanquished Creatures (collateral kills)
  2 merfolk (Shoals:1)
2 creatures vanquished.

Vanquished Creatures (others)
  A quokka (D:9)
  3 fungi
  16 plants
  6 withered plants (D:1)
26 creatures vanquished.

Grand Total: 343 creatures vanquished

Notes
Turn   | Place    | Note
-------+----------+-------------------------------------------
     0 | D:1      | Leibowitz the Kobold Berserker began the quest for the Orb.
     0 | D:1      | Reached XP level 1. HP: 14/14 MP: 1/1
   102 | D:1      | Reached XP level 2. HP: 14/19 MP: 2/2
  1026 | D:1      | Reached XP level 3. HP: 19/23 MP: 1/3
  1268 | D:1      | Reached skill level 5 in Short Blades
  1530 | D:1      | Found a faded altar of an unknown god.
  1692 | D:2      | Reached skill level 1 in Stealth
  2461 | D:3      | Reached XP level 4. HP: 28/28 MP: 1/4
  2523 | D:3      | Reached XP level 5. HP: 30/33 MP: 1/5
  2561 | D:3      | Reached ** piety under Trog
  3017 | D:3      | Found an iron altar of Okawaru.
  3225 | D:3      | Found a sparkling altar of Nemelex Xobeh.
  3468 | D:3      | Found a hide-covered altar of Uskayaw.
  3473 | D:3      | Found a shimmering altar of Xom.
  3770 | D:4      | Found a glowing drain.
  3802 | Sewer    | Entered a sewer
  3846 | Sewer    | Noticed Purgy
  3858 | Sewer    | Killed Purgy
  3859 | Sewer    | Reached skill level 5 in Stealth
  3859 | Sewer    | Reached XP level 6. HP: 38/38 MP: 2/6
  4427 | D:5      | Entered Level 5 of the Dungeon
  4463 | D:5      | Reached XP level 7. HP: 42/43 MP: 2/7
  4539 | D:5      | Found a radiant altar of Vehumet.
  4592 | D:5      | Noticed Grinder
  4614 | D:5      | Killed Grinder
  4764 | D:5      | Reached *** piety under Trog
  4765 | D:5      | Reached XP level 8. HP: 28/48 MP: 2/8
  4948 | D:5      | Found a runed translucent door.
  5206 | D:5      | Found a staircase to the Ecumenical Temple.
  5212 | Temple   | Entered the Ecumenical Temple
  5623 | D:5      | Noticed flinch's ghost (weakling FoDe)
  5639 | D:5      | Killed flinch's ghost
  5773 | D:6      | Noticed a troll
  5795 | D:6      | Killed a troll
  5796 | D:6      | Reached skill level 5 in Fighting
  6091 | D:6      | Reached XP level 9. HP: 31/54 MP: 3/9
  6600 | D:6      | Reached skill level 10 in Stealth
  6801 | D:7      | Reached skill level 10 in Short Blades
  7140 | D:7      | Reached **** piety under Trog
  7141 | D:7      | Reached skill level 5 in Dodging
  7141 | D:7      | Reached XP level 10. HP: 59/60 MP: 3/10
  7251 | D:7      | Found a runed translucent gate.
  7259 | D:7      | Found a runed translucent gate.
  7259 | D:7      | Noticed zynnq's ghost (novice DjFE)
  7260 | D:7      | Found a runed translucent gate.
  7261 | D:7      | Noticed Tutankhamun's ghost (novice SpBr)
  7261 | D:7      | Noticed Us3rname's ghost (novice MiBe)
  7261 | D:7      | Noticed KamiKatze's ghost (novice FoFi)
  7262 | D:7      | Noticed makewrite's ghost (novice MiBe)
  7714 | D:8      | Noticed a boulder beetle
  7718 | D:8      | Killed a boulder beetle
  8020 | D:8      | Found a sacrificial altar of Ru.
  8727 | D:9      | Found a staircase to the Orcish Mines.
  8854 | D:9      | Found Ystruasto's Antique Armour Shoppe.
  8859 | D:9      | Bought a steaming ring mail for 162 gold pieces
  8859 | D:9      | Identified the +0 ring mail of the First Snow {Int+4 Dex+4}
                  | (You bought it in a shop on level 9 of the Dungeon)
  8967 | D:9      | Found a white marble altar of Elyvilon.
  9040 | D:9      | Noticed Erolcha
  9044 | D:9      | Killed Erolcha
  9195 | D:9      | Found a staircase to the Lair.
  9222 | D:9      | Reached ***** piety under Trog
  9382 | D:9      | Reached XP level 11. HP: 67/67 MP: 3/11
  9588 | D:9      | Reached skill level 1 in Evocations
  9999 | Lair:1   | Entered Level 1 of the Lair of Beasts
 10235 | Lair:1   | Noticed an oklob plant
 10235 | Lair:1   | Noticed an oklob plant
 10792 | Lair:1   | Gained mutation: You possess an exceptional clarity of
                  | mind. [potion of mutation]
 10792 | Lair:1   | Lost mutation: You possess an exceptional clarity of mind.
                  | [potion of mutation]
 10793 | Lair:1   | Reached skill level 5 in Armour
 10793 | Lair:1   | Reached XP level 12. HP: 76/76 MP: 12/12
 10882 | Lair:2   | Found a runed translucent door.
 10884 | Lair:2   | Noticed Zoobame's ghost (journeyman DEWz)
 10884 | Lair:2   | Identified the +7 spear "Dywaojoa" {freeze, Dex+5}
 10884 | Lair:2   | Noticed a spriggan rider
 10887 | Lair:2   | Noticed a spriggan rider
 10910 | Lair:2   | Reached skill level 5 in Evocations
 10915 | Lair:2   | Noticed a seven-headed hydra
 11018 | Orc:1    | Entered Level 1 of the Orcish Mines
 11176 | Orc:2    | Entered Level 2 of the Orcish Mines
 11223 | D:10     | Entered Level 10 of the Dungeon
 11408 | D:10     | Identified a scroll of acquirement
 11410 | D:10     | Acquired a +2 pair of gloves of stealth
 12430 | D:11     | Found a blossoming altar of Fedhas.
 12698 | D:11     | Received a gift from Trog
 12729 | D:11     | Found Ejeutem's Magic Scroll Boutique.
 12901 | D:12     | Reached skill level 10 in Dodging
 13182 | D:12     | Found a glowing silver altar of Zin.
 13269 | D:12     | Noticed a two-headed ogre
 13273 | D:12     | Killed a two-headed ogre
 13274 | D:12     | Reached XP level 13. HP: 82/82 MP: 13/13
 13359 | D:12     | Reached skill level 10 in Fighting
 13493 | D:12     | Noticed an eight-headed hydra
 13494 | D:12     | Killed an eight-headed hydra
 13554 | D:12     | Noticed a boulder beetle
 13558 | D:12     | Killed a boulder beetle
 14034 | Lair:2   | Killed a seven-headed hydra
 14251 | Lair:2   | Found a staircase to the Shoals.
 14280 | Lair:2   | Reached skill level 15 in Stealth
 14358 | Lair:2   | Noticed a four-headed hydra
 14362 | Lair:2   | Killed a four-headed hydra
 14442 | Lair:2   | Noticed an eight-headed hydra
 14446 | Lair:2   | Killed an eight-headed hydra
 14805 | Shoals:1 | Entered Level 1 of the Shoals
 14807 | Shoals:1 | Identified the +8 plate armour "Ahohyczo" {Rampage rElec}
 14815 | Shoals:1 | HP: 2/83 [wind drake/the air (14)]
 14818 | Shoals:1 | Reached skill level 15 in Short Blades
 14821 | Shoals:1 | Killed from afar by a wind drake

Illustrated notes

Levels and vault maps discovered:
D:1:      dpeg_arrival_shrine, layout_loops_corners,
          shapermc_ecumenical_altar_flowoftime, chequers_serial_rivers_micro_c,
          st_stairs_5, minmay_misc_feat_more_columns
D:2:      layout_basic
D:3:      layout_loops_ring, nicolae_overflow_crystal_walls,
          lemuel_crystal_altar, amethyst_overflow_temple_binary,
          minmay_misc_feat_pillars
D:4:      layout_cave_pools, portal_sewer_entry_b
D:5:      layout_gridville, vehumet_crystals,
          minmay_temple_entry_statues_fountains, ebering_ghost_sewer_d,
          uniq_grinder
D:6:      layout_loops_ring, st_stairs_14
D:7:      layout_loops_ring, gammafunk_ghost_cemetery
D:8:      layout_basic, general_overflow_altar
D:9:      layout_irregular_city, elyvilon_altar_4, erik_lair_orcish_takeover,
          hiddenorc2_lemuel, serial_shops, nicolae_shop_overgrown_old_shop,
          uniq_erolcha
D:10:     layout_gridville
D:11:     layout_cave_pools, serial_shops, shop, fedhas_bush_and_centaur_altar
D:12:     layout_loops_corners, zin_treasury
Temple:   nicolae_temple_no_exploring_needed
Lair:1:   layout_hall_layers, cheibrodos_lair_caveside_slide,
          minmay_lair_oklob_chamber
Lair:2:   layout_misc_corridors, minmay_shoals_entry_beasts,
          ebering_ghost_funeral_grove, nzn_random_ring
Shoals:1: layout_shoals
Orc:1:    orc_temple, layout_diamond_mine, bh_open_orc_temple
Orc:2:    st_orc_rangers, layout_diamond_mine, uniq_azrael, uniq_snorg,
          uniq_saint_roka

Skill      XL: |  1  2  3  4  5  6  7  8  9 10 11 12 13 |
---------------+----------------------------------------+-----
Short Blades   | 5 6 7 9 10 12 13 15 | 15.0
Stealth        | 1 3 5 6 7 9 11 12 13 15 | 15.5
Fighting       | 4 5 7 9 10 | 10.6
Dodging        | 3 4 5 6 9 10 11 | 11.4
Armour         | 2 3 5 |  5.3
Evocations     | 4 5 |  5.0
Throwing       | |  0.4

Action                   |  1- 3 |  4- 6 |  7- 9 | 10-12 | 13-15 || total
-------------------------+-------+-------+-------+-------+-------++-------
Melee: Short sword       |   106 |   117 |   274 |   790 |       ||  1287
       Rapier            |       |       |       |    19 |   116 ||   135
Throw: Throwing net      |       |       |     2 |       |       ||     2
Invok: Berserk           |     1 |     4 |     4 |     5 |     1 ||    15
       Trog's Hand       |       |     1 |     1 |       |       ||     2
       Brothers in Arms  |       |       |       |       |     1 ||     1
Evoke: Wand              |       |       |     4 |     2 |       ||     6
  Use: Potion            |       |     1 |       |    13 |     2 ||    16
       Scroll            |       |       |       |    14 |       ||    14
 Stab: Sleeping          |     9 |    25 |    29 |    39 |    17 ||   119
       Held in net/web   |       |       |     1 |       |       ||     1
       Distracted        |       |       |       |     4 |       ||     4
Armor: Animal skin       |    12 |    24 |       |       |       ||    36
       Leather armour    |       |     2 |    13 |       |       ||    15
       Troll leather arm |       |       |    26 |   149 |    17 ||   192
       Skin              |       |       |       |       |     5 ||     5
Dodge: Dodged            |    45 |    95 |   114 |   538 |    74 ||   866
